[ AOE2 MATCH · #463108317 ]
Team RMBohemians vs Teutons
[ REPLAY ANALYSIS · EXTRACTED FROM THE RECORDED GAME ]
Feudal
11:45
Castle
16:00
Imperial
31:01
| APM avg | 17.9 |
| APM peak | 51 |
| eAPM avg | 10.8 |
| Villagers / military | 130 / 139 |
Focus
⚔️ 24.6% · 🌾 75.4%
Spearman ×84 · Hussite Wagon ×40 · Bombard Cannon ×15
Feudal
10:28
Castle
15:53
Imperial
31:51
| APM avg | 17.3 |
| APM peak | 36 |
| eAPM avg | 12.7 |
| Villagers / military | 130 / 209 |
Focus
⚔️ 20.2% · 🌾 79.8%
Mangudai ×103 · Scout Cavalry ×73 · Steppe Lancer ×30 · Trade Cart ×19 · Trebuchet (Packed) ×2 · Monk ×1
Feudal
11:22
Castle
19:27
Imperial
33:57
| APM avg | 24.6 |
| APM peak | 69 |
| eAPM avg | 17.4 |
| Villagers / military | 137 / 107 |
Focus
⚔️ 13.1% · 🌾 86.9%
Battle Elephant ×75 · Fire Lancer ×17 · Skirmisher ×8 · Battering Ram ×3 · Bombard Cannon ×3 · Trebuchet (Packed) ×1
Feudal
10:48
Castle
16:28
Imperial
40:55
| APM avg | 15.3 |
| APM peak | 45 |
| eAPM avg | 8.7 |
| Villagers / military | 49 / 9 |
Focus
⚔️ 23.2% · 🌾 76.8%
Unknown (2550) ×16 · Kamayuk ×4 · Mangonel ×2 · Battering Ram ×2 · Spearman ×1
Feudal
11:22
Castle
14:52
Imperial
33:02
| APM avg | 47.2 |
| APM peak | 118 |
| eAPM avg | 19.0 |
| Villagers / military | 108 / 37 |
Focus
⚔️ 31.8% · 🌾 68.2%
Monk ×20 · Trebuchet (Packed) ×10 · Gbeto ×3 · Mangonel ×3 · Battering Ram ×1
Feudal
12:49
Castle
20:33
Imperial
30:45
| APM avg | 13.3 |
| APM peak | 30 |
| eAPM avg | 10.0 |
| Villagers / military | 117 / 38 |
Focus
⚔️ 19.9% · 🌾 80.1%
Spearman ×26 · Teutonic Knight ×5 · Skirmisher ×3 · Trebuchet (Packed) ×2 · Monk ×1 · Bombard Cannon ×1
Feudal
13:01
Castle
18:38
Imperial
36:08
| APM avg | 17.4 |
| APM peak | 44 |
| eAPM avg | 12.0 |
| Villagers / military | 189 / 244 |
Focus
⚔️ 20.4% · 🌾 79.6%
Mangudai ×240 · Battering Ram ×2 · Monk ×1 · Trebuchet (Packed) ×1
Feudal
14:19
Castle
24:35
Imperial
—
| APM avg | 10.8 |
| APM peak | 53 |
| eAPM avg | 6.6 |
| Villagers / military | 43 / 79 |
Focus
⚔️ 42.9% · 🌾 57.1%
Militia ×49 · Battle Elephant ×11 · Scout Cavalry ×9 · Scorpion ×5 · Battering Ram ×5
Match map
Initial resources + every placement click. Lines = walls · curves = elevation contours. ◆ gold · ⬟ stone · ● berries · ✦ relic · ◌ wall gap
Your base· ✓ Closed at 16:00 · 0t walls · 2 gate(s)
好想变成雨伞这样下雨天你就能握住我的勾把了's base· ✓ Closed at 15:53 · 0t walls · 2 gate(s)
perryrai's base· ✓ Closed at 19:27 · 0t walls · 2 gate(s)
JOY BOY's base· ✓ Closed at 16:28 · 0t walls · 2 gate(s)
Jax's base· ✓ Closed at 14:52 · 0t walls · 2 gate(s)
abralv's base· ✓ Closed at 20:33 · 0t walls · 2 gate(s)
summer's base· ✓ Closed at 18:38 · 0t walls · 2 gate(s)
OmiOfSilver's base· ✓ Closed at 24:35 · 0t walls · 3 gate(s)
Smoothed initial terrain · ◌ = detected wall gap · hover for details
Inputs per minute
— 游侠 - - 好想变成雨伞这样下雨天你就能握住我的勾把了
Build order — 游侠
First 150 of 318 actions detected
| 0:04 | Create | Villager (Male) |
| 0:04 | Create | Villager (Male) |
| 0:05 | Create | Villager (Male) |
| 0:10 | Build | House |
| 0:13 | Build | House |
| 0:18 | Create | Villager (Male) |
| 0:18 | Create | Villager (Male) |
| 1:12 | Build | House |
| 1:14 | Build | House |
| 1:31 | Create | Villager (Male) |
| 1:31 | Create | Villager (Male) |
| 2:19 | Create | Villager (Male) |
| 2:20 | Create | Villager (Male) |
| 2:29 | Build | Lumber Camp |
| 2:54 | Create | Villager (Male) |
| 2:54 | Create | Villager (Male) |
| 3:14 | Create | Villager (Male) |
| 3:14 | Create | Villager (Male) |
| 3:14 | Create | Villager (Male) |
| 3:34 | Create | Villager (Male) |
| 3:35 | Create | Villager (Male) |
| 4:08 | Create | Villager (Male) |
| 4:08 | Create | Villager (Male) |
| 4:35 | Create | Villager (Male) |
| 4:36 | Create | Villager (Male) |
| 4:36 | Create | Villager (Male) |
| 5:30 | Build | Mining Camp |
| 5:30 | Create | Villager (Male) |
| 5:31 | Create | Villager (Male) |
| 5:31 | Create | Villager (Male) |
| 5:50 | Create | Villager (Male) |
| 5:51 | Create | Villager (Male) |
| 6:46 | Create | Villager (Male) |
| 6:46 | Create | Villager (Male) |
| 6:46 | Create | Villager (Male) |
| 6:52 | Build | Mill |
| 7:27 | Create | Villager (Male) |
| 7:27 | Create | Villager (Male) |
| 8:24 | Create | Villager (Male) |
| 8:24 | Create | Villager (Male) |
| 8:55 | Build | House |
| 8:57 | Build | House |
| 9:23 | Build | Farm |
| 9:24 | Build | Farm |
| 9:26 | Build | Farm |
| 9:32 | Create | Villager (Male) |
| 9:35 | Research | Feudal Age |
| 11:45 | Age | Feudal Age |
| 11:48 | Build | Blacksmith |
| 11:50 | Build | Market |
| 11:55 | Create | Villager (Male) |
| 11:56 | Create | Villager (Male) |
| 12:30 | Build | Farm |
| 12:50 | Build | Farm |
| 12:51 | Create | Villager (Male) |
| 13:20 | Research | Castle Age |
| 13:24 | Build | Farm |
| 14:44 | Research | Double-Bit Axe |
| 14:47 | Research | Horse Collar |
| 15:14 | Build | Farm |
| 15:17 | Build | Farm |
| 16:00 | Age | Castle Age |
| 16:04 | Build | Town Center |
| 16:07 | Create | Villager (Male) |
| 16:07 | Create | Villager (Male) |
| 16:38 | Build | Farm |
| 16:52 | Create | Villager (Male) |
| 17:02 | Build | Farm |
| 17:07 | Create | Villager (Male) |
| 17:07 | Create | Villager (Male) |
| 17:08 | Create | Villager (Male) |
| 17:08 | Create | Villager (Male) |
| 17:09 | Create | Villager (Male) |
| 17:22 | Build | Town Center |
| 17:27 | Create | Villager (Male) |
| 17:30 | Build | Farm |
| 17:31 | Create | Villager (Male) |
| 17:34 | Create | Villager (Male) |
| 17:57 | Build | Farm |
| 18:02 | Create | Villager (Male) |
| 18:03 | Create | Villager (Male) |
| 18:18 | Build | House |
| 18:19 | Build | House |
| 18:40 | Create | Villager (Male) |
| 18:40 | Create | Villager (Male) |
| 18:46 | Create | Villager (Male) |
| 18:59 | Build | Farm |
| 19:10 | Create | Villager (Male) |
| 19:11 | Create | Villager (Male) |
| 19:12 | Create | Villager (Male) |
| 19:21 | Build | House |
| 19:22 | Build | House |
| 19:27 | Create | Villager (Male) |
| 19:28 | Create | Villager (Male) |
| 19:29 | Create | Villager (Male) |
| 19:41 | Build | Lumber Camp |
| 19:46 | Create | Villager (Male) |
| 19:46 | Create | Villager (Male) |
| 19:48 | Create | Villager (Male) |
| 20:11 | Create | Villager (Male) |
| 20:13 | Create | Villager (Male) |
| 20:28 | Build | Farm |
| 20:30 | Build | Farm |
| 20:31 | Build | Farm |
| 20:33 | Create | Villager (Male) |
| 20:33 | Create | Villager (Male) |
| 20:36 | Create | Villager (Male) |
| 20:36 | Create | Villager (Male) |
| 20:45 | Research | Bow Saw |
| 21:09 | Create | Villager (Male) |
| 21:11 | Create | Villager (Male) |
| 21:32 | Create | Villager (Male) |
| 21:33 | Create | Villager (Male) |
| 21:36 | Create | Villager (Male) |
| 21:43 | Build | Farm |
| 21:51 | Build | Farm |
| 21:52 | Build | Farm |
| 21:54 | Create | Villager (Male) |
| 22:10 | Build | Castle |
| 22:19 | Create | Villager (Male) |
| 22:22 | Create | Villager (Male) |
| 22:37 | Create | Villager (Male) |
| 22:50 | Build | House |
| 22:51 | Build | House |
| 22:52 | Build | House |
| 22:53 | Build | House |
| 23:01 | Build | Town Center |
| 23:04 | Create | Villager (Male) |
| 23:04 | Create | Villager (Male) |
| 23:07 | Create | Villager (Male) |
| 23:28 | Build | Farm |
| 23:29 | Build | Farm |
| 23:31 | Build | Farm |
| 23:32 | Build | Farm |
| 23:33 | Build | Farm |
| 23:35 | Create | Villager (Male) |
| 23:35 | Create | Villager (Male) |
| 23:46 | Research | Wheelbarrow |
| 24:12 | Build | Lumber Camp |
| 24:28 | Create | Villager (Male) |
| 24:30 | Create | Villager (Male) |
| 24:33 | Build | Farm |
| 24:35 | Build | Farm |
| 24:39 | Create | Villager (Male) |
| 24:56 | Create | Villager (Male) |
| 25:06 | Build | Town Center |
| 25:15 | Build | Farm |
| 25:16 | Build | Farm |
| 25:18 | Build | Farm |
| 25:20 | Build | Farm |
Build order — 好想变成雨伞这样下雨天你就能握住我的勾把了
First 150 of 347 actions detected
| 0:05 | Create | Villager (Male) |
| 0:05 | Create | Villager (Male) |
| 0:06 | Create | Villager (Male) |
| 0:11 | Build | House |
| 0:14 | Build | House |
| 1:14 | Create | Villager (Male) |
| 1:58 | Create | Villager (Male) |
| 1:58 | Create | Villager (Male) |
| 2:35 | Create | Villager (Male) |
| 2:36 | Create | Villager (Male) |
| 2:39 | Build | Lumber Camp |
| 3:31 | Create | Villager (Male) |
| 3:31 | Create | Villager (Male) |
| 3:57 | Create | Villager (Male) |
| 3:57 | Create | Villager (Male) |
| 4:04 | Build | House |
| 4:25 | Create | Villager (Male) |
| 4:25 | Create | Villager (Male) |
| 4:49 | Create | Villager (Male) |
| 4:49 | Create | Villager (Male) |
| 4:49 | Create | Villager (Male) |
| 5:27 | Create | Villager (Male) |
| 5:28 | Create | Villager (Male) |
| 6:39 | Create | Villager (Male) |
| 6:40 | Create | Villager (Male) |
| 6:50 | Build | Mining Camp |
| 6:59 | Build | Mill |
| 8:18 | Research | Feudal Age |
| 9:12 | Build | Farm |
| 10:24 | Build | Mill |
| 10:28 | Age | Feudal Age |
| 10:49 | Build | Blacksmith |
| 11:00 | Build | Market |
| 12:36 | Research | Double-Bit Axe |
| 13:13 | Research | Castle Age |
| 13:46 | Research | Horse Collar |
| 14:45 | Build | Farm |
| 14:47 | Build | Farm |
| 15:53 | Age | Castle Age |
| 16:02 | Build | Town Center |
| 16:11 | Build | House |
| 16:14 | Research | Wheelbarrow |
| 16:16 | Create | Villager (Male) |
| 16:16 | Create | Villager (Male) |
| 16:17 | Create | Villager (Male) |
| 17:30 | Create | Villager (Male) |
| 17:30 | Create | Villager (Male) |
| 18:01 | Create | Villager (Male) |
| 18:01 | Create | Villager (Male) |
| 18:10 | Create | Villager (Male) |
| 18:53 | Create | Villager (Male) |
| 18:53 | Create | Villager (Male) |
| 19:05 | Build | Town Center |
| 19:21 | Build | Monastery |
| 19:32 | Create | Villager (Male) |
| 19:32 | Create | Villager (Male) |
| 19:32 | Create | Villager (Male) |
| 19:44 | Build | Farm |
| 19:45 | Build | Farm |
| 19:49 | Build | Farm |
| 19:52 | Build | Farm |
| 20:13 | Build | Farm |
| 20:17 | Create | Villager (Male) |
| 20:17 | Create | Villager (Male) |
| 20:27 | Build | House |
| 21:12 | Build | Castle |
| 21:19 | Create | Villager (Male) |
| 21:19 | Create | Villager (Male) |
| 21:20 | Create | Villager (Male) |
| 21:20 | Create | Villager (Male) |
| 21:20 | Create | Villager (Male) |
| 21:34 | Create | Monk |
| 21:48 | Build | Barracks |
| 21:54 | Create | Villager (Male) |
| 21:57 | Build | Farm |
| 22:00 | Create | Villager (Male) |
| 22:00 | Create | Villager (Male) |
| 22:01 | Create | Villager (Male) |
| 22:13 | Build | Farm |
| 22:14 | Build | Farm |
| 22:15 | Build | Farm |
| 22:17 | Build | Farm |
| 22:19 | Build | Farm |
| 22:19 | Build | Farm |
| 22:48 | Build | Farm |
| 22:51 | Build | Farm |
| 23:23 | Build | Mining Camp |
| 23:32 | Create | Villager (Male) |
| 23:32 | Create | Villager (Male) |
| 23:33 | Create | Villager (Male) |
| 23:33 | Create | Villager (Male) |
| 23:35 | Create | Mangudai |
| 23:35 | Create | Mangudai |
| 23:44 | Build | Farm |
| 23:52 | Build | Farm |
| 23:55 | Build | Farm |
| 24:02 | Create | Villager (Male) |
| 24:02 | Create | Villager (Male) |
| 24:03 | Create | Villager (Male) |
| 24:03 | Create | Villager (Male) |
| 24:05 | Build | Farm |
| 24:11 | Build | Farm |
| 24:21 | Build | Farm |
| 24:22 | Create | Villager (Male) |
| 24:23 | Create | Villager (Male) |
| 24:59 | Build | Farm |
| 25:01 | Build | Farm |
| 25:02 | Create | Villager (Male) |
| 25:02 | Create | Villager (Male) |
| 25:03 | Create | Villager (Male) |
| 25:08 | Build | Farm |
| 25:09 | Build | Farm |
| 25:13 | Build | Farm |
| 25:26 | Create | Mangudai |
| 25:26 | Create | Mangudai |
| 26:06 | Research | Gold Mining |
| 26:13 | Create | Villager (Male) |
| 26:14 | Create | Villager (Male) |
| 26:14 | Create | Villager (Male) |
| 26:14 | Create | Villager (Male) |
| 26:15 | Create | Villager (Male) |
| 26:21 | Build | Mining Camp |
| 26:23 | Research | Bow Saw |
| 26:31 | Create | Villager (Male) |
| 26:32 | Create | Villager (Male) |
| 26:32 | Create | Villager (Male) |
| 26:32 | Create | Villager (Male) |
| 26:55 | Build | Farm |
| 27:01 | Build | House |
| 27:02 | Build | House |
| 27:02 | Build | House |
| 27:03 | Build | House |
| 27:46 | Build | Farm |
| 28:28 | Build | Farm |
| 28:38 | Build | House |
| 28:38 | Build | House |
| 28:38 | Build | House |
| 28:39 | Build | House |
| 28:39 | Build | House |
| 28:41 | Research | Imperial Age |
| 28:44 | Research | Hand Cart |
| 28:49 | Create | Villager (Male) |
| 28:49 | Create | Villager (Male) |
| 28:49 | Create | Villager (Male) |
| 28:50 | Create | Villager (Male) |
| 28:50 | Create | Villager (Male) |
| 28:50 | Create | Villager (Male) |
| 28:51 | Create | Villager (Male) |
| 29:06 | Build | Lumber Camp |
| 29:07 | Research | Fletching |
Build order — perryrai
First 150 of 325 actions detected
| 0:02 | Create | Villager (Male) |
| 0:02 | Create | Villager (Male) |
| 0:02 | Create | Villager (Male) |
| 0:03 | Build | House |
| 0:05 | Build | House |
| 0:06 | Build | House |
| 0:58 | Create | Villager (Male) |
| 1:32 | Create | Villager (Male) |
| 1:57 | Create | Villager (Male) |
| 2:22 | Create | Villager (Male) |
| 3:00 | Create | Villager (Male) |
| 3:01 | Create | Villager (Male) |
| 3:28 | Create | Villager (Male) |
| 4:05 | Create | Villager (Male) |
| 4:05 | Create | Villager (Male) |
| 5:00 | Create | Villager (Male) |
| 5:00 | Create | Villager (Male) |
| 5:07 | Create | Villager (Male) |
| 5:25 | Build | House |
| 5:31 | Create | Villager (Male) |
| 5:37 | Create | Villager (Male) |
| 5:48 | Create | Villager (Male) |
| 5:59 | Create | Villager (Male) |
| 5:59 | Create | Villager (Male) |
| 6:25 | Build | Mill |
| 6:27 | Create | Villager (Male) |
| 6:28 | Create | Villager (Male) |
| 6:49 | Create | Villager (Male) |
| 6:49 | Create | Villager (Male) |
| 7:15 | Create | Villager (Male) |
| 7:15 | Create | Villager (Male) |
| 7:15 | Create | Villager (Male) |
| 7:36 | Create | Villager (Male) |
| 8:01 | Build | Lumber Camp |
| 8:12 | Create | Villager (Male) |
| 8:16 | Create | Villager (Male) |
| 8:27 | Research | Feudal Age |
| 8:56 | Build | House |
| 8:59 | Build | House |
| 9:10 | Create | Villager (Male) |
| 9:10 | Create | Villager (Male) |
| 9:36 | Build | House |
| 9:38 | Build | House |
| 9:51 | Build | House |
| 9:53 | Build | House |
| 9:55 | Build | House |
| 11:22 | Age | Feudal Age |
| 11:23 | Build | Farm |
| 11:31 | Build | Market |
| 11:37 | Build | Blacksmith |
| 11:40 | Create | Villager (Male) |
| 11:40 | Create | Villager (Male) |
| 11:48 | Build | Farm |
| 11:49 | Build | Farm |
| 11:49 | Build | Farm |
| 11:49 | Build | Farm |
| 11:49 | Build | Farm |
| 11:49 | Build | Farm |
| 11:50 | Build | Farm |
| 11:50 | Build | Farm |
| 11:50 | Build | Farm |
| 11:51 | Build | Farm |
| 11:51 | Build | Farm |
| 11:52 | Build | Farm |
| 11:53 | Build | Farm |
| 11:53 | Build | Farm |
| 11:53 | Build | Farm |
| 12:07 | Research | Double-Bit Axe |
| 12:09 | Research | Horse Collar |
| 12:14 | Build | Farm |
| 12:28 | Build | Farm |
| 12:43 | Build | Farm |
| 12:50 | Build | House |
| 12:53 | Create | Villager (Male) |
| 12:55 | Create | Villager (Male) |
| 12:55 | Create | Villager (Male) |
| 12:58 | Create | Villager (Male) |
| 13:00 | Create | Villager (Male) |
| 13:05 | Build | Farm |
| 13:09 | Build | Farm |
| 13:17 | Create | Villager (Male) |
| 13:30 | Build | Farm |
| 13:35 | Build | Farm |
| 13:39 | Create | Villager (Male) |
| 13:40 | Create | Villager (Male) |
| 13:46 | Build | Farm |
| 13:54 | Build | Farm |
| 14:06 | Build | Farm |
| 14:09 | Create | Villager (Male) |
| 14:21 | Build | Farm |
| 14:42 | Create | Villager (Male) |
| 14:46 | Build | Farm |
| 15:12 | Build | Farm |
| 15:20 | Build | Mining Camp |
| 16:38 | Research | Castle Age |
| 18:10 | Create | Villager (Male) |
| 18:10 | Create | Villager (Male) |
| 18:11 | Create | Villager (Male) |
| 18:11 | Create | Villager (Male) |
| 18:12 | Create | Villager (Male) |
| 18:13 | Create | Villager (Male) |
| 18:22 | Build | Barracks |
| 18:50 | Create | Villager (Male) |
| 18:50 | Create | Villager (Male) |
| 19:27 | Age | Castle Age |
| 19:32 | Build | Town Center |
| 19:43 | Build | Town Center |
| 19:46 | Create | Villager (Male) |
| 19:46 | Create | Villager (Male) |
| 19:46 | Create | Villager (Male) |
| 19:51 | Research | Bow Saw |
| 19:51 | Research | Bow Saw |
| 19:53 | Research | Heavy Plow |
| 20:00 | Build | Archery Range |
| 20:24 | Create | Villager (Male) |
| 20:25 | Create | Villager (Male) |
| 20:34 | Create | Villager (Male) ×5 |
| 21:06 | Build | House |
| 21:07 | Build | House |
| 21:10 | Build | House |
| 21:11 | Build | House |
| 21:36 | Create | Villager (Male) |
| 21:44 | Research | Wheelbarrow |
| 21:44 | Research | Loom |
| 21:48 | Create | Villager (Male) |
| 21:48 | Create | Villager (Male) |
| 21:48 | Create | Villager (Male) |
| 21:49 | Create | Villager (Male) |
| 21:49 | Create | Villager (Male) |
| 21:55 | Build | Farm |
| 21:55 | Build | Farm |
| 21:55 | Build | Farm |
| 21:56 | Build | Farm |
| 21:56 | Build | Farm |
| 21:56 | Build | Farm |
| 21:56 | Build | Farm |
| 22:05 | Create | Villager (Male) |
| 22:12 | Research | Town Watch |
| 22:13 | Create | Villager (Male) |
| 22:13 | Create | Villager (Male) |
| 22:40 | Build | Siege Workshop |
| 22:50 | Build | Farm |
| 22:54 | Build | Farm |
| 22:59 | Create | Villager (Male) |
| 23:00 | Create | Villager (Male) |
| 23:04 | Build | Farm |
| 23:21 | Create | Villager (Male) |
| 23:22 | Create | Villager (Male) |
| 23:22 | Create | Villager (Male) |
| 23:22 | Create | Villager (Male) |
Build order — JOY BOY
148 actions detected in the replay
| 0:20 | Build | House |
| 0:25 | Build | Settlement |
| 0:31 | Create | Villager (Male) |
| 0:31 | Create | Villager (Male) |
| 0:31 | Create | Villager (Male) |
| 0:32 | Create | Villager (Male) |
| 0:32 | Create | Villager (Male) |
| 0:45 | Build | Settlement |
| 1:57 | Research | Loom |
| 1:59 | Create | Villager (Male) |
| 2:42 | Create | Villager (Male) |
| 3:09 | Create | Villager (Male) |
| 3:10 | Create | Villager (Male) |
| 3:42 | Create | Villager (Male) |
| 4:18 | Create | Villager (Male) |
| 4:18 | Create | Villager (Male) |
| 5:07 | Create | Villager (Male) |
| 5:45 | Create | Villager (Male) |
| 5:50 | Build | Settlement |
| 6:01 | Create | Villager (Male) |
| 6:47 | Create | Villager (Male) |
| 6:48 | Create | Villager (Male) |
| 6:51 | Create | Villager (Male) |
| 8:38 | Research | Feudal Age |
| 9:37 | Build | Settlement |
| 10:48 | Age | Feudal Age |
| 10:59 | Build | Market |
| 11:05 | Research | Double-Bit Axe |
| 12:36 | Build | Blacksmith |
| 12:39 | Create | Villager (Male) |
| 13:04 | Create | Villager (Male) |
| 13:48 | Research | Castle Age |
| 14:02 | Build | Settlement |
| 15:19 | Research | Forging |
| 15:43 | Build | Settlement |
| 15:58 | Create | Villager (Male) |
| 16:10 | Research | Stone Mining |
| 16:28 | Age | Castle Age |
| 16:58 | Build | Farm |
| 17:01 | Build | Farm |
| 17:02 | Build | Farm |
| 18:33 | Build | Castle |
| 18:45 | Research | Wheelbarrow |
| 19:27 | Research | Fletching |
| 19:43 | Create | Villager (Male) |
| 19:44 | Create | Villager (Male) |
| 20:06 | Build | Barracks |
| 20:38 | Build | Settlement |
| 20:44 | Research | Tech 1402 |
| 21:03 | Create | Villager (Male) |
| 21:32 | Create | Villager (Male) |
| 21:43 | Create | Villager (Male) |
| 21:59 | Build | Castle |
| 22:08 | Create | Unit 2550 |
| 22:32 | Build | Farm |
| 22:34 | Build | Farm |
| 22:38 | Build | Farm |
| 22:40 | Create | Villager (Male) |
| 23:56 | Create | Kamayuk |
| 23:57 | Create | Kamayuk |
| 23:58 | Create | Unit 2550 |
| 23:58 | Create | Unit 2550 |
| 23:59 | Create | Unit 2550 |
| 24:18 | Build | Siege Workshop |
| 24:52 | Research | Bow Saw |
| 25:20 | Create | Villager (Male) |
| 25:21 | Create | Villager (Male) |
| 25:21 | Create | Villager (Male) |
| 26:30 | Research | Horse Collar |
| 26:38 | Build | Town Center |
| 26:45 | Create | Villager (Male) |
| 26:47 | Create | Villager (Male) |
| 26:48 | Create | Villager (Male) |
| 27:19 | Create | Villager (Male) |
| 27:42 | Research | Heavy Plow |
| 27:42 | Research | Heavy Plow |
| 28:24 | Build | Farm |
| 28:58 | Create | Mangonel |
| 29:08 | Research | Tech 1351 |
| 29:54 | Create | Kamayuk |
| 29:54 | Create | Kamayuk |
| 30:19 | Create | Unit 2550 |
| 30:22 | Research | Squires |
| 30:52 | Research | Arson |
| 31:09 | Create | Mangonel |
| 31:12 | Build | Farm |
| 31:15 | Build | Farm |
| 31:18 | Build | Farm |
| 31:24 | Create | Villager (Male) |
| 31:25 | Create | Villager (Male) |
| 31:25 | Create | Villager (Male) |
| 32:26 | Build | Town Center |
| 32:30 | Build | Farm |
| 33:07 | Create | Battering Ram |
| 33:11 | Create | Unit 2550 |
| 33:11 | Create | Unit 2550 |
| 33:40 | Build | Farm |
| 33:43 | Build | Farm |
| 33:46 | Build | Farm |
| 33:48 | Build | Farm |
| 33:56 | Research | Hand Cart |
| 34:20 | Create | Unit 2550 |
| 34:22 | Create | Unit 2550 |
| 35:59 | Create | Unit 2550 |
| 35:59 | Create | Unit 2550 |
| 36:11 | Create | Battering Ram |
| 36:46 | Build | Castle |
| 36:54 | Create | Unit 2550 |
| 36:54 | Create | Unit 2550 |
| 37:45 | Research | Imperial Age |
| 37:46 | Research | Imperial Age |
| 37:50 | Research | Scale Mail Armor |
| 38:12 | Create | Unit 2550 |
| 38:13 | Create | Spearman |
| 38:34 | Create | Unit 2550 |
| 38:34 | Create | Unit 2550 |
| 38:46 | Build | University |
| 40:11 | Research | Murder Holes |
| 40:16 | Research | Treadmill Crane |
| 40:44 | Research | Chain Mail Armor |
| 40:44 | Research | Iron Casting |
| 40:51 | Create | Villager (Male) |
| 40:51 | Create | Villager (Male) |
| 40:51 | Create | Villager (Male) |
| 40:52 | Create | Villager (Male) |
| 40:52 | Create | Villager (Male) |
| 40:52 | Create | Villager (Male) |
| 40:53 | Create | Villager (Male) |
| 40:55 | Age | Imperial Age |
| 40:57 | Build | Farm |
| 40:59 | Build | Farm |
| 41:01 | Build | Farm |
| 41:05 | Build | Farm |
| 41:08 | Research | Gold Mining |
| 41:19 | Build | Settlement |
| 41:27 | Build | Barracks |
| 41:52 | Research | Plate Mail Armor |
| 42:32 | Create | Villager (Male) |
| 42:33 | Create | Villager (Male) |
| 42:33 | Create | Villager (Male) |
| 42:34 | Create | Villager (Male) |
| 42:34 | Create | Villager (Male) |
| 42:38 | Build | Farm |
| 42:40 | Build | Farm |
| 42:42 | Build | Farm |
| 42:45 | Build | Farm |
| 42:48 | Build | Farm |
| 42:50 | Build | Farm |
Build order — Jax
First 150 of 279 actions detected
| 0:01 | Create | Villager (Male) |
| 0:02 | Create | Villager (Male) |
| 0:03 | Build | House |
| 0:13 | Create | Villager (Male) |
| 0:13 | Create | Villager (Male) |
| 0:13 | Create | Villager (Male) |
| 1:34 | Create | Villager (Male) |
| 1:34 | Create | Villager (Male) |
| 1:47 | Build | House |
| 1:56 | Create | Villager (Male) |
| 2:11 | Build | Lumber Camp |
| 2:12 | Create | Villager (Male) |
| 2:12 | Create | Villager (Male) |
| 2:12 | Create | Villager (Male) |
| 2:43 | Create | Villager (Male) |
| 2:43 | Create | Villager (Male) |
| 3:00 | Create | Villager (Male) |
| 3:00 | Create | Villager (Male) |
| 3:00 | Create | Villager (Male) |
| 3:31 | Create | Villager (Male) |
| 3:31 | Create | Villager (Male) |
| 3:31 | Create | Villager (Male) |
| 3:52 | Build | House |
| 4:02 | Create | Villager (Male) |
| 4:02 | Create | Villager (Male) |
| 4:17 | Create | Villager (Male) |
| 4:17 | Create | Villager (Male) |
| 4:47 | Create | Villager (Male) |
| 4:47 | Create | Villager (Male) |
| 4:58 | Create | Villager (Male) |
| 4:58 | Create | Villager (Male) |
| 5:27 | Create | Villager (Male) |
| 5:28 | Create | Villager (Male) |
| 5:34 | Build | Mill |
| 5:58 | Build | House |
| 6:04 | Create | Villager (Male) |
| 6:04 | Create | Villager (Male) |
| 6:28 | Create | Villager (Male) |
| 6:53 | Create | Villager (Male) |
| 7:21 | Create | Villager (Male) |
| 7:31 | Build | House |
| 8:03 | Build | Farm |
| 8:05 | Build | Farm |
| 8:08 | Build | Farm |
| 8:19 | Research | Feudal Age |
| 8:37 | Build | Mining Camp |
| 9:39 | Create | Villager (Male) |
| 9:39 | Create | Villager (Male) |
| 11:22 | Age | Feudal Age |
| 11:25 | Build | Market |
| 11:29 | Build | Blacksmith |
| 12:09 | Research | Castle Age |
| 12:09 | Research | Castle Age |
| 12:22 | Research | Loom |
| 12:38 | Build | House |
| 12:46 | Build | House |
| 14:21 | Build | Mill |
| 14:43 | Create | Villager (Male) |
| 14:43 | Create | Villager (Male) |
| 14:52 | Age | Castle Age |
| 14:56 | Build | Siege Workshop |
| 15:24 | Build | Palisade Wall |
| 15:31 | Create | Battering Ram |
| 15:41 | Build | Monastery |
| 15:47 | Create | Mangonel |
| 15:49 | Create | Villager (Male) |
| 15:49 | Create | Villager (Male) |
| 16:06 | Create | Mangonel |
| 16:07 | Create | Villager (Male) |
| 16:18 | Create | Monk |
| 16:18 | Create | Monk |
| 16:22 | Build | Monastery |
| 16:31 | Create | Villager (Male) |
| 16:45 | Create | Monk |
| 17:42 | Create | Villager (Male) |
| 17:42 | Create | Villager (Male) |
| 18:43 | Create | Monk |
| 18:43 | Create | Monk |
| 18:44 | Create | Monk |
| 18:51 | Create | Monk |
| 18:54 | Create | Villager (Male) |
| 18:54 | Create | Villager (Male) |
| 18:56 | Create | Villager (Male) |
| 19:00 | Build | Mining Camp |
| 19:18 | Build | Gate |
| 19:21 | Build | Stone Wall |
| 19:24 | Build | Stone Wall |
| 20:30 | Build | Stone Wall |
| 20:32 | Create | Villager (Male) |
| 20:32 | Create | Villager (Male) |
| 20:33 | Create | Villager (Male) |
| 20:38 | Create | Monk |
| 20:39 | Create | Monk |
| 20:42 | Build | Mining Camp |
| 21:11 | Create | Villager (Male) |
| 21:51 | Build | House |
| 22:13 | Create | Villager (Male) |
| 22:13 | Create | Villager (Male) |
| 22:57 | Create | Villager (Male) |
| 23:03 | Build | House |
| 23:21 | Build | Castle |
| 23:25 | Create | Villager (Male) |
| 23:41 | Build | Stone Wall |
| 23:43 | Build | Stone Wall |
| 24:03 | Build | Gate |
| 24:05 | Build | Stone Wall |
| 24:06 | Build | Stone Wall |
| 24:11 | Build | Stone Wall |
| 24:36 | Build | University |
| 24:41 | Create | Villager (Male) |
| 24:42 | Create | Villager (Male) |
| 25:06 | Build | Gate |
| 25:26 | Build | Stone Wall |
| 25:37 | Research | Murder Holes |
| 25:37 | Research | Murder Holes |
| 26:28 | Build | Stone Wall |
| 26:30 | Build | Stone Wall |
| 26:44 | Build | Mill |
| 26:47 | Create | Villager (Male) |
| 26:47 | Create | Villager (Male) |
| 26:49 | Build | Farm |
| 27:48 | Build | Farm |
| 27:55 | Create | Gbeto |
| 27:56 | Create | Gbeto |
| 27:58 | Create | Gbeto |
| 29:52 | Research | Imperial Age |
| 29:52 | Research | Imperial Age |
| 29:52 | Research | Imperial Age |
| 30:42 | Build | Outpost |
| 31:19 | Build | Gate |
| 31:32 | Build | Siege Workshop |
| 31:56 | Research | Town Watch |
| 31:56 | Research | Town Watch |
| 32:00 | Build | Town Center |
| 32:05 | Build | Outpost |
| 32:06 | Build | Outpost |
| 32:24 | Create | Mangonel |
| 32:42 | Create | Villager (Male) |
| 32:42 | Create | Villager (Male) |
| 33:02 | Age | Imperial Age |
| 33:09 | Create | Trebuchet (Packed) |
| 33:10 | Create | Trebuchet (Packed) |
| 33:20 | Create | Villager (Male) |
| 33:20 | Create | Villager (Male) |
| 33:20 | Create | Villager (Male) |
| 33:21 | Create | Villager (Male) |
| 33:53 | Create | Trebuchet (Packed) |
| 33:54 | Create | Villager (Male) |
| 33:55 | Create | Villager (Male) |
| 34:13 | Build | Gate |
Build order — abralv
First 150 of 292 actions detected
| 0:05 | Build | House |
| 0:07 | Build | House |
| 0:09 | Create | Villager (Male) |
| 0:10 | Create | Villager (Male) |
| 0:10 | Create | Villager (Male) |
| 0:10 | Create | Villager (Male) |
| 0:11 | Create | Villager (Male) |
| 0:12 | Research | Loom |
| 1:33 | Create | Villager (Male) |
| 1:34 | Create | Villager (Male) |
| 2:12 | Build | Mill |
| 2:54 | Create | Villager (Male) |
| 2:54 | Create | Villager (Male) |
| 3:50 | Create | Villager (Male) |
| 4:16 | Build | House |
| 4:52 | Create | Villager (Male) |
| 5:09 | Create | Villager (Male) |
| 5:29 | Create | Villager (Male) |
| 5:31 | Create | Villager (Male) |
| 5:31 | Create | Villager (Male) |
| 5:52 | Create | Villager (Male) |
| 7:02 | Create | Villager (Male) |
| 7:05 | Create | Villager (Male) |
| 7:17 | Build | Lumber Camp |
| 7:26 | Build | House |
| 8:15 | Create | Villager (Male) |
| 8:46 | Create | Villager (Male) |
| 9:13 | Create | Villager (Male) |
| 9:43 | Create | Villager (Male) |
| 10:05 | Create | Villager (Male) |
| 10:21 | Build | House |
| 10:39 | Research | Feudal Age |
| 11:17 | Build | House |
| 11:24 | Build | Mining Camp |
| 11:40 | Build | Lumber Camp |
| 11:58 | Create | Villager (Male) |
| 11:58 | Create | Villager (Male) |
| 12:49 | Age | Feudal Age |
| 13:15 | Research | Double-Bit Axe |
| 13:17 | Research | Horse Collar |
| 13:22 | Create | Villager (Male) |
| 13:23 | Create | Villager (Male) |
| 14:05 | Build | Farm |
| 14:06 | Build | Farm |
| 14:06 | Build | Farm |
| 14:07 | Build | Farm |
| 14:07 | Build | Farm |
| 14:08 | Build | Farm |
| 14:09 | Build | Farm |
| 14:10 | Build | Farm |
| 14:11 | Build | Farm |
| 14:11 | Build | Farm |
| 14:11 | Build | Farm |
| 14:12 | Build | Farm |
| 14:21 | Create | Villager (Male) |
| 14:22 | Create | Villager (Male) |
| 14:23 | Create | Villager (Male) |
| 14:23 | Create | Villager (Male) |
| 15:00 | Build | House |
| 15:35 | Build | Farm |
| 15:36 | Build | Farm |
| 15:36 | Build | Farm |
| 15:36 | Build | Farm |
| 15:49 | Build | Blacksmith |
| 16:04 | Create | Villager (Male) |
| 16:19 | Build | Market |
| 16:26 | Build | House |
| 16:33 | Build | House |
| 16:40 | Create | Villager (Male) |
| 16:47 | Build | Farm |
| 17:23 | Build | Farm |
| 17:24 | Build | Farm |
| 17:28 | Create | Villager (Male) |
| 17:49 | Research | Castle Age |
| 18:01 | Build | Farm |
| 18:18 | Build | Barracks |
| 19:23 | Build | Archery Range |
| 19:27 | Build | Stable |
| 19:34 | Create | Villager (Male) |
| 19:34 | Create | Villager (Male) |
| 19:35 | Create | Villager (Male) |
| 20:33 | Age | Castle Age |
| 20:40 | Build | Town Center |
| 20:57 | Create | Villager (Male) |
| 20:57 | Create | Villager (Male) |
| 21:09 | Build | Farm |
| 21:10 | Build | Farm |
| 21:10 | Build | Farm |
| 21:10 | Build | Farm |
| 21:11 | Build | Farm |
| 21:11 | Build | Farm |
| 22:10 | Create | Villager (Male) |
| 22:10 | Create | Villager (Male) |
| 22:11 | Create | Villager (Male) |
| 22:11 | Create | Villager (Male) |
| 22:11 | Create | Villager (Male) |
| 22:12 | Create | Villager (Male) |
| 22:12 | Create | Villager (Male) |
| 22:12 | Create | Villager (Male) |
| 22:13 | Create | Villager (Male) |
| 22:13 | Create | Villager (Male) |
| 22:14 | Create | Villager (Male) |
| 22:14 | Create | Villager (Male) |
| 22:14 | Create | Villager (Male) |
| 22:31 | Create | Villager (Male) |
| 22:31 | Create | Villager (Male) |
| 22:32 | Create | Villager (Male) |
| 22:37 | Research | Bow Saw |
| 22:57 | Build | Monastery |
| 23:18 | Build | Stone Wall |
| 23:22 | Build | Stone Wall |
| 24:11 | Create | Villager (Male) |
| 24:11 | Create | Villager (Male) |
| 24:12 | Create | Villager (Male) |
| 24:32 | Create | Villager (Male) |
| 24:47 | Build | House |
| 24:48 | Build | House |
| 24:49 | Build | House |
| 25:29 | Create | Monk |
| 26:03 | Create | Villager (Male) |
| 26:04 | Create | Villager (Male) |
| 26:04 | Create | Villager (Male) |
| 26:46 | Build | University |
| 26:59 | Build | Farm |
| 27:21 | Research | Imperial Age |
| 27:24 | Research | Wheelbarrow |
| 27:25 | Research | Town Watch |
| 27:30 | Research | Heavy Plow |
| 28:00 | Research | Squires |
| 28:01 | Research | Gambesons |
| 28:03 | Research | Pikeman (upgrade) |
| 28:04 | Research | Arson |
| 28:13 | Create | Skirmisher |
| 28:14 | Create | Skirmisher |
| 28:14 | Create | Skirmisher |
| 28:26 | Create | Villager (Male) |
| 28:26 | Create | Villager (Male) |
| 28:26 | Create | Villager (Male) |
| 28:36 | Build | Town Center |
| 29:11 | Create | Villager (Male) |
| 29:11 | Create | Villager (Male) |
| 29:12 | Create | Villager (Male) |
| 29:12 | Create | Villager (Male) |
| 29:12 | Create | Villager (Male) |
| 29:25 | Research | Fletching |
| 29:28 | Research | Forging |
| 30:05 | Build | Castle |
| 30:20 | Research | Fervor |
| 30:22 | Research | Sanctity |
| 30:45 | Age | Imperial Age |
Build order — summer
First 150 of 303 actions detected
| 0:05 | Build | House |
| 0:06 | Build | House |
| 0:16 | Create | Villager (Male) ×4 |
| 0:16 | Create | Villager (Male) ×4 |
| 0:17 | Create | Villager (Male) ×4 |
| 1:41 | Create | Villager (Male) |
| 1:42 | Create | Villager (Male) |
| 2:19 | Create | Villager (Male) |
| 2:19 | Create | Villager (Male) |
| 2:41 | Create | Villager (Male) |
| 2:41 | Create | Villager (Male) |
| 3:06 | Create | Villager (Male) |
| 3:07 | Create | Villager (Male) |
| 3:16 | Build | Lumber Camp |
| 3:28 | Create | Villager (Male) |
| 3:28 | Create | Villager (Male) |
| 3:45 | Build | House |
| 4:00 | Create | Villager (Male) |
| 4:01 | Create | Villager (Male) |
| 4:01 | Create | Villager (Male) |
| 4:01 | Create | Villager (Male) |
| 4:01 | Create | Villager (Male) |
| 4:36 | Create | Villager (Male) |
| 4:37 | Create | Villager (Male) |
| 4:37 | Create | Villager (Male) |
| 5:05 | Create | Villager (Male) |
| 5:05 | Create | Villager (Male) |
| 5:15 | Create | Villager (Male) |
| 5:15 | Create | Villager (Male) |
| 5:41 | Build | House |
| 5:45 | Create | Villager (Male) |
| 5:45 | Create | Villager (Male) |
| 5:45 | Create | Villager (Male) |
| 6:01 | Build | Mill |
| 6:19 | Create | Villager (Male) |
| 6:56 | Create | Villager (Male) |
| 6:57 | Create | Villager (Male) |
| 7:10 | Build | Mill |
| 7:27 | Build | Barracks |
| 8:04 | Create | Villager (Male) |
| 8:04 | Create | Villager (Male) |
| 8:46 | Build | Mining Camp |
| 8:55 | Build | House |
| 9:11 | Create | Villager (Male) |
| 9:11 | Create | Villager (Male) |
| 9:40 | Build | Lumber Camp |
| 9:44 | Create | Villager (Male) |
| 9:55 | Research | Feudal Age |
| 10:11 | Create | Villager (Male) |
| 10:14 | Research | Feudal Age |
| 10:43 | Build | House |
| 11:12 | Build | Farm |
| 11:14 | Build | Farm |
| 11:15 | Build | Farm |
| 12:18 | Create | Villager (Male) |
| 12:19 | Create | Villager (Male) |
| 12:24 | Create | Villager (Male) |
| 12:44 | Create | Villager (Male) |
| 12:45 | Create | Villager (Male) |
| 12:46 | Create | Villager (Male) |
| 13:01 | Age | Feudal Age |
| 13:13 | Build | Blacksmith |
| 13:23 | Build | Market |
| 13:53 | Build | Stable |
| 14:01 | Build | Archery Range |
| 14:18 | Build | Farm |
| 14:19 | Build | Farm |
| 14:52 | Build | House |
| 14:54 | Build | House |
| 15:41 | Build | Mining Camp |
| 15:58 | Research | Castle Age |
| 16:26 | Build | Farm |
| 16:28 | Build | Farm |
| 16:29 | Build | Farm |
| 16:30 | Build | Farm |
| 16:33 | Build | Farm |
| 17:43 | Create | Villager (Male) ×5 |
| 17:43 | Create | Villager (Male) ×5 |
| 18:03 | Build | Farm |
| 18:05 | Build | Farm |
| 18:38 | Age | Castle Age |
| 18:45 | Build | Castle |
| 18:58 | Research | Padded Archer Armor |
| 18:59 | Research | Fletching |
| 19:07 | Research | Double-Bit Axe |
| 19:36 | Research | Gold Mining |
| 20:09 | Create | Mangudai |
| 20:11 | Create | Mangudai ×2 |
| 20:11 | Create | Mangudai |
| 20:40 | Create | Mangudai |
| 20:40 | Create | Mangudai |
| 20:53 | Build | Mining Camp |
| 21:12 | Create | Mangudai ×2 |
| 21:13 | Create | Mangudai ×2 |
| 21:13 | Create | Mangudai ×2 |
| 21:13 | Create | Mangudai ×2 |
| 21:37 | Create | Villager (Male) ×5 |
| 21:37 | Create | Villager (Male) ×5 |
| 21:37 | Create | Villager (Male) ×5 |
| 22:38 | Create | Villager (Male) ×5 |
| 22:38 | Create | Villager (Male) ×5 |
| 23:51 | Build | Mining Camp |
| 24:45 | Build | Castle |
| 24:55 | Build | Siege Workshop |
| 25:05 | Build | Town Center |
| 25:20 | Create | Mangudai ×5 |
| 25:20 | Create | Mangudai ×5 |
| 25:20 | Create | Mangudai ×5 |
| 25:21 | Create | Mangudai ×5 |
| 25:34 | Build | University |
| 26:04 | Create | Villager (Male) ×3 |
| 26:04 | Create | Villager (Male) ×3 |
| 26:04 | Create | Villager (Male) ×4 |
| 26:11 | Build | Farm |
| 26:33 | Build | Farm |
| 26:35 | Build | Farm |
| 26:36 | Create | Villager (Male) |
| 26:36 | Create | Villager (Male) |
| 26:50 | Build | Lumber Camp |
| 27:23 | Build | Farm |
| 27:35 | Create | Battering Ram |
| 28:07 | Build | House |
| 28:09 | Build | House |
| 28:11 | Build | House |
| 28:12 | Build | House |
| 28:14 | Build | House |
| 28:20 | Create | Villager (Male) ×5 |
| 28:21 | Create | Villager (Male) ×5 |
| 28:33 | Build | Town Center |
| 28:45 | Create | Battering Ram |
| 28:58 | Build | Monastery |
| 29:10 | Create | Villager (Male) ×4 |
| 29:11 | Create | Villager (Male) ×4 |
| 29:46 | Research | Ballistics |
| 29:47 | Research | Ballistics |
| 30:06 | Build | Farm |
| 30:08 | Create | Villager (Male) ×4 |
| 30:09 | Create | Villager (Male) ×4 |
| 30:50 | Build | Mill |
| 30:51 | Build | Farm |
| 30:51 | Build | Farm |
| 30:52 | Build | Farm |
| 30:52 | Build | Farm |
| 30:52 | Build | Farm |
| 30:52 | Build | Farm |
| 30:53 | Build | Farm |
| 30:53 | Build | Farm |
| 30:54 | Build | Farm |
| 31:44 | Research | Horse Collar |
| 32:04 | Build | Farm |
Build order — OmiOfSilver
First 150 of 168 actions detected
| 0:04 | Create | Villager (Male) |
| 0:05 | Create | Villager (Male) |
| 0:05 | Create | Villager (Male) |
| 0:05 | Create | Villager (Male) |
| 0:09 | Build | House |
| 0:11 | Build | House |
| 0:13 | Build | House |
| 1:39 | Create | Villager (Male) |
| 2:28 | Create | Villager (Male) |
| 2:40 | Create | Villager (Male) |
| 3:29 | Create | Villager (Male) |
| 3:29 | Create | Villager (Male) |
| 4:17 | Create | Villager (Male) |
| 4:17 | Create | Villager (Male) |
| 4:25 | Build | House |
| 4:27 | Build | House |
| 4:29 | Build | House |
| 4:32 | Build | House |
| 4:55 | Create | Villager (Male) |
| 4:56 | Create | Villager (Male) |
| 5:17 | Create | Villager (Male) |
| 5:53 | Create | Villager (Male) |
| 5:55 | Create | Villager (Male) |
| 7:04 | Build | Barracks |
| 7:20 | Create | Villager (Male) |
| 7:20 | Create | Villager (Male) |
| 7:21 | Create | Villager (Male) |
| 8:24 | Build | Lumber Camp |
| 8:49 | Create | Villager (Male) |
| 8:50 | Create | Villager (Male) |
| 8:50 | Create | Villager (Male) |
| 8:51 | Create | Villager (Male) |
| 8:56 | Create | Villager (Male) |
| 8:57 | Create | Villager (Male) |
| 9:13 | Create | Villager (Male) |
| 9:14 | Create | Villager (Male) |
| 9:29 | Build | Mill |
| 9:36 | Build | Mill |
| 10:00 | Build | Mining Camp |
| 11:47 | Research | Feudal Age |
| 11:53 | Build | Farm |
| 12:08 | Create | Militia |
| 12:10 | Create | Militia |
| 12:13 | Build | Farm |
| 12:46 | Create | Militia |
| 13:06 | Create | Militia |
| 13:15 | Build | Barracks |
| 13:24 | Create | Villager (Male) |
| 13:26 | Create | Villager (Male) |
| 14:19 | Age | Feudal Age |
| 14:25 | Build | Blacksmith |
| 14:30 | Research | Arson |
| 14:32 | Research | Man-at-Arms (upgrade) |
| 14:33 | Create | Militia ×3 |
| 14:52 | Build | House |
| 14:55 | Build | House |
| 14:57 | Build | House |
| 14:59 | Build | House |
| 15:00 | Build | House |
| 15:07 | Build | Farm |
| 15:08 | Build | Farm |
| 15:09 | Build | Farm |
| 15:09 | Build | Farm |
| 15:11 | Build | Farm |
| 15:14 | Build | Farm |
| 15:28 | Research | Forging |
| 15:28 | Research | Scale Mail Armor |
| 16:10 | Create | Militia |
| 16:11 | Create | Militia |
| 16:13 | Create | Militia |
| 16:21 | Create | Militia |
| 16:53 | Create | Villager (Male) |
| 16:54 | Create | Villager (Male) |
| 16:54 | Create | Villager (Male) |
| 18:53 | Build | Farm |
| 18:54 | Build | Farm |
| 18:54 | Build | Farm |
| 18:55 | Build | Farm |
| 18:56 | Build | Farm |
| 18:57 | Build | Farm |
| 18:59 | Build | Farm |
| 19:00 | Build | Farm |
| 19:01 | Build | Farm |
| 19:02 | Build | Farm |
| 19:04 | Build | Farm |
| 19:18 | Research | Scale Mail Armor |
| 20:23 | Create | Militia |
| 20:23 | Create | Militia |
| 20:26 | Create | Militia |
| 20:26 | Create | Militia |
| 20:28 | Create | Militia |
| 20:29 | Create | Militia |
| 20:39 | Build | Barracks |
| 20:42 | Build | Barracks |
| 20:46 | Build | Mining Camp |
| 21:08 | Build | Stable |
| 21:10 | Build | Stable |
| 21:55 | Research | Castle Age |
| 22:00 | Research | Bloodlines |
| 22:01 | Create | Scout Cavalry |
| 22:17 | Create | Villager (Male) |
| 23:22 | Create | Militia ×5 |
| 23:24 | Create | Militia |
| 23:25 | Create | Militia |
| 23:27 | Create | Militia |
| 24:35 | Age | Castle Age |
| 24:48 | Build | Siege Workshop |
| 25:24 | Create | Battering Ram |
| 25:24 | Create | Battering Ram |
| 25:31 | Create | Battle Elephant |
| 25:32 | Research | Husbandry |
| 25:34 | Create | Battle Elephant |
| 26:16 | Create | Battering Ram |
| 26:27 | Research | Long Swordsman (upgrade) |
| 26:28 | Create | Militia ×5 |
| 26:30 | Create | Militia |
| 26:42 | Research | Double-Bit Axe |
| 28:46 | Create | Battle Elephant |
| 28:46 | Create | Battle Elephant |
| 29:18 | Build | Farm |
| 29:19 | Build | Farm |
| 29:21 | Build | Farm |
| 29:26 | Build | Farm |
| 29:43 | Create | Militia ×5 |
| 30:06 | Research | Bow Saw |
| 30:11 | Build | Farm |
| 31:24 | Build | Farm |
| 31:28 | Create | Villager (Male) |
| 31:29 | Create | Villager (Male) |
| 31:31 | Create | Villager (Male) |
| 31:32 | Create | Villager (Male) |
| 31:33 | Create | Villager (Male) |
| 31:34 | Create | Villager (Male) |
| 31:34 | Create | Villager (Male) |
| 31:35 | Create | Villager (Male) |
| 31:35 | Create | Villager (Male) |
| 31:36 | Create | Villager (Male) |
| 31:39 | Research | Light Cavalry (upgrade) |
| 31:41 | Create | Scout Cavalry |
| 31:42 | Create | Scout Cavalry |
| 31:43 | Create | Scout Cavalry |
| 31:45 | Create | Scout Cavalry |
| 32:04 | Build | Town Center |
| 33:54 | Create | Militia ×5 |
| 33:56 | Build | Farm |
| 34:25 | Create | Scout Cavalry |
| 34:25 | Create | Scout Cavalry |
| 36:07 | Create | Battering Ram |
| 36:08 | Create | Battering Ram |
| 36:13 | Build | Farm |
Match timeline
| 7:04 | OmiOfSilver · first_building Barracks |
| 7:27 | summer · first_building Barracks |
| 10:28 | 好想变成雨伞这样下雨天你就能握住我的勾把了 · age_up feudal |
| 10:48 | JOY BOY · age_up feudal |
| 11:22 | Jax · age_up feudal |
| 11:22 | perryrai · age_up feudal |
| 11:45 | 游侠 · age_up feudal |
| 12:49 | abralv · age_up feudal |
| 13:01 | summer · age_up feudal |
| 13:19 | 游侠 · first_market_buy 100 food |
| 13:53 | summer · first_building Stable |
| 14:01 | summer · first_building Archery Range |
| 14:19 | OmiOfSilver · age_up feudal |
| 14:52 | Jax · age_up castle |
| 14:56 | Jax · first_building Siege Workshop |
| 15:24 | Jax · wall_segment Palisade Wall x1 |
| 15:41 | Jax · first_building Monastery |
| 15:52 | perryrai · first_market_sell 100 wood |
| 15:53 | 好想变成雨伞这样下雨天你就能握住我的勾把了 · age_up castle |
| 16:00 | 游侠 · age_up castle |
| 16:28 | JOY BOY · age_up castle |
| 18:18 | abralv · first_building Barracks |
| 18:22 | perryrai · first_building Barracks |
| 18:31 | summer · first_market_buy 100 stone |
| 18:33 | JOY BOY · first_building Castle |
| 18:35 | summer · first_market_sell 100 wood |
| 18:38 | summer · age_up castle |
| 18:45 | summer · first_building Castle |
| 19:21 | 好想变成雨伞这样下雨天你就能握住我的勾把了 · first_building Monastery |
| 19:21 | Jax · wall_segment Stone Wall x1 |
| 19:23 | abralv · first_building Archery Range |
| 19:24 | perryrai · first_market_buy 100 stone |
| 19:24 | Jax · wall_segment Stone Wall x1 |
| 19:27 | abralv · first_building Stable |
| 19:27 | perryrai · age_up castle |
| 20:00 | perryrai · first_building Archery Range |
| 20:06 | JOY BOY · first_building Barracks |
| 20:30 | Jax · wall_segment Stone Wall x10 |
| 20:33 | abralv · age_up castle |
| 21:08 | OmiOfSilver · first_building Stable |
| 21:12 | 好想变成雨伞这样下雨天你就能握住我的勾把了 · first_building Castle |
| 21:48 | 好想变成雨伞这样下雨天你就能握住我的勾把了 · first_building Barracks |
| 22:10 | 游侠 · first_building Castle |
| 22:21 | Jax · first_market_buy 100 stone |
| 22:40 | perryrai · first_building Siege Workshop |
| 22:57 | abralv · first_building Monastery |
| 23:18 | abralv · wall_segment Stone Wall x13 |
| 23:21 | Jax · first_building Castle |
| 23:22 | abralv · wall_segment Stone Wall x7 |
| 23:41 | Jax · wall_segment Stone Wall x8 |
| 23:43 | Jax · wall_segment Stone Wall x6 |
| 24:05 | Jax · wall_segment Stone Wall x3 |
| 24:06 | Jax · wall_segment Stone Wall x1 |
| 24:11 | Jax · wall_segment Stone Wall x5 |
| 24:18 | JOY BOY · first_building Siege Workshop |
| 24:35 | OmiOfSilver · age_up castle |
| 24:48 | OmiOfSilver · first_building Siege Workshop |
| 24:55 | summer · first_building Siege Workshop |
| 25:26 | Jax · wall_segment Stone Wall x1 |
| 25:48 | 游侠 · first_building Barracks |
| 26:14 | perryrai · first_building Monastery |
| 26:28 | Jax · wall_segment Stone Wall x2 |
| 26:30 | Jax · wall_segment Stone Wall x1 |
| 28:58 | summer · first_building Monastery |
| 29:21 | 好想变成雨伞这样下雨天你就能握住我的勾把了 · first_building Stable |
| 29:34 | 游侠 · first_building Siege Workshop |
| 30:05 | abralv · first_building Castle |
| 30:45 | abralv · age_up imperial |
| 31:01 | 游侠 · age_up imperial |
| 31:26 | perryrai · first_building Stable |
| 31:49 | abralv · wall_segment Stone Wall x2 |
| 31:51 | 好想变成雨伞这样下雨天你就能握住我的勾把了 · age_up imperial |
| 33:02 | Jax · age_up imperial |
| 33:57 | perryrai · age_up imperial |
| 34:13 | 好想变成雨伞这样下雨天你就能握住我的勾把了 · first_building Archery Range |
| 34:48 | abralv · wall_segment Stone Wall x3 |
| 36:08 | summer · age_up imperial |
| 37:39 | perryrai · first_building Castle |
| 38:50 | abralv · first_building Siege Workshop |
| 40:55 | JOY BOY · age_up imperial |
| 42:53 | OmiOfSilver · resign |
[ AI ANALYSIS · 1 CREDIT ]
What really happened in this match?
Wolo.gg analyzes every decision: build order, eco, micro, common mistakes by bracket. Personalized analysis on WhatsApp or Discord in 30 seconds.
Civ guide
Bohemians
Map guide
Arena
Perfil
Jugador #24736027